 Dungeon Crawl Stone Soup version 0.29.1-14-g9c671dbff4 (webtiles) character file.

Game seed: 14960682487890830363

60 sweetbreads the Digger (level 4, -14/24 HPs)
             Began as a Gargoyle Earth Elementalist on Feb 14, 2023.
             Demolished by Crazy Yiuf
             ... wielding a +2 quarterstaff of chaos
              (15 damage)
             ... on level 2 of the Dungeon.
             The game lasted 00:08:26 (2092 turns).

sweetbreads the Digger (GrEE)                       Turns: 2092, Time: 00:08:26

Health: -14/24     AC:  5    Str: 11    XL:     4   Next: 4%
Magic:  1/7        EV: 12    Int: 18    God:
Gold:   37         SH:  0    Dex: 10    Spells: 3/7 levels left

rFire   . . .      SeeInvis .   a - +1 dagger (protect)
rCold   . . .      Faith    .   (no shield)
rNeg    + . .      Spirit   .   i - +0 robe
rPois   ∞          Reflect  .   (no helmet)
rElec   +          Harm     .   (no cloak)
rCorr   .          Rampage  .   (no gloves)
Will    .....                   (no boots)
Stlth   ++........              (no amulet)
HPRegen 0.08/turn               (no ring)
MPRegen 0.10/turn               (no ring)

@: no status effects
A: sickness immunity, AC +3, negative energy resistance 1, electricity
resistance, torment resistance 1, petrification resistance
a: no special abilities


You were on level 2 of the Dungeon.
You visited 1 branch of the dungeon, and saw 3 of its levels.

You collected 37 gold pieces.

Inventory:

Hand Weapons
 a - a +1 dagger of protection (weapon)
Armour
 i - a +0 robe (worn)
Scrolls
 e - 3 scrolls of identify {unknown}
 g - a scroll of immolation {unknown}
Potions
 b - a potion of magic
 c - 2 potions of might {unknown}
 d - 2 potions of resistance {unknown}
 f - a potion of haste {unknown}
 h - a potion of invisibility {unknown}
 j - a potion of lignification {unknown}
 k - a potion of curing {unknown}
 l - 2 potions of flight {unknown}


   Skills:
 * Level 0.2 Fighting
 * Level 2.1 Dodging
 * Level 3.0 Stealth
 - Level 2.0 Spellcasting
 - Level 1.0 Transmutations
 + Level 4.8 Earth Magic


You had 3 spell levels left.
You knew the following spells:

 Your Spells              Type           Power      Damage    Failure   Level
a - Sandblast             Erth           38%        2d10      2%          1
b - Stone Arrow           Conj/Erth      20%        3d8       21%         3

Your spell library contained the following spells:

 Spells                   Type           Power      Damage    Failure   Level
 Passwall                 Tmut/Erth      10%        N/A       9%          2
 Gell's Gravitas          Tloc           1%         N/A       47%         3
 Lesser Beckoning         Tloc           1%         N/A       47%         3
 Teleport Other           Tloc           1%         N/A       47%         3
 Petrify                  Tmut/Erth      12%        N/A       47%         4
 Freezing Cloud           Conj/Ice/Air   0%         6-21      99%         5
 Simulacrum               Ice/Necr       0%         N/A       100%        6
 Polar Vortex             Ice            0%         N/A       100%        9


Dungeon Overview and Level Annotations

Branches:
Dungeon (3/15)

Altars:

Annotations:
D:2 Crazy Yiuf


Innate Abilities, Weirdness & Mutations

You are immune to sickness and miasma.
Your stone body is resilient. (AC +3)
You are immune to poison.
You resist negative energy. (rN+)
You are resistant to electric shocks. (rElec)
You are resistant to unholy torment.
You are immune to petrification.


Message History

You open the door.
Crazy Yiuf cries, "Race!"
Casting: Sandblast (safe; 2% risk of failure)
Confirm with . or Enter, or press ? or * to list all spells.
Aiming: Sandblast (safe; 2% risk of failure)
Press: ? - help, Shift-Dir - straight line, f - Crazy Yiuf
Aim: Crazy Yiuf, wielding a +2 quarterstaff of chaos and wearing a +0 cloak (84% to hit)
The blast of sand hits Crazy Yiuf!
Crazy Yiuf is moderately wounded.
Crazy Yiuf hits you with a +2 quarterstaff of chaos!
You feel your power leaking away.
Casting: Sandblast (safe; 2% risk of failure)
Confirm with . or Enter, or press ? or * to list all spells.
You don't have enough magic to cast this spell.
Unknown command.
You see here a +0 hammer.
You see here a +0 hammer.
You see here a +0 hammer.
You see here a +0 hammer.
Crazy Yiuf attacks as you move away! Crazy Yiuf barely misses you.
Crazy Yiuf screams, "Pitchfork!
Ice illywillydillykilly sing-song."
Crazy Yiuf grits, "Ghoul noodlescoop testudinal!"
You see here a frilled lizard corpse.
Crazy Yiuf screams, "Race aubergine sizzlefizz!"
Crazy Yiuf attacks as you move away!
Crazy Yiuf hits you with a +2 quarterstaff of chaos!
Ouch! That really hurt!
* * * LOW HITPOINT WARNING * * *
Crazy Yiuf burns you.
* * * LOW HITPOINT WARNING * * *
Casting: Sandblast (safe; 2% risk of failure)
Confirm with . or Enter, or press ? or * to list all spells.
Aiming: Sandblast (safe; 2% risk of failure)
Press: ? - help, Shift-Dir - straight line, f/p - Crazy Yiuf
Aim: Crazy Yiuf, wielding a +2 quarterstaff of chaos and wearing a +0 cloak (moderately wounded, 84% to hit)
The blast of sand hits Crazy Yiuf!
Crazy Yiuf is severely wounded.
Crazy Yiuf hits you with a +2 quarterstaff of chaos!
Ouch! That really hurt!
You die...

.# ♣♣)♣
###.###.# .#
♣)♣♣ #.....#.#
.# ♣♣)♣
###.#.#.# .#
♣♣)♣♣ ###.#.#.#
.# ♣♣..)♣
#...#.#.# .#
♣....♣ #####.#.#
.# #....#
#....(#.# .#
##..##########.#
.#
#....†.....g@..#
##
##...###########
#####


You could see Crazy Yiuf.

Vanquished Creatures
  An adder (D:2)
  2 dart slugs (D:2)
  6 ball pythons
  3 bats (D:2)
  3 endoplasms
  2 giant cockroaches (D:1)
  4 goblins
  4 hobgoblins
  8 kobolds
  3 quokkas
  3 frilled lizards
  5 rats
44 creatures vanquished.

Notes
Turn   | Place    | Note
-------+----------+-------------------------------------------
     0 | D:1      | sweetbreads the Gargoyle Earth Elementalist began the quest
                  | for the Orb.
     0 | D:1      | Reached XP level 1. HP: 10/10 MP: 3/3
   138 | D:1      | Reached skill level 1 in Transmutations
   138 | D:1      | Reached XP level 2. HP: 15/15 MP: 3/5
   167 | D:1      | Reached skill level 4 in Earth Magic
   839 | D:1      | Noticed a great orb of eyes
   858 | D:1      | Found a faded altar of an unknown god.
   860 | D:1      | Noticed a golden eye
   865 | D:1      | Reached XP level 3. HP: 19/19 MP: 1/6
   865 | D:1      | Noticed a great orb of eyes
   865 | D:1      | Noticed a shining eye
   870 | D:1      | Learned a level 3 spell: Stone Arrow
  1913 | D:2      | Reached XP level 4. HP: 24/24 MP: 4/7
  2069 | D:2      | Found a runed translucent door.
  2070 | D:2      | Noticed Crazy Yiuf
  2091 | D:2      | HP: 1/24 [Crazy Yiuf/+2 quarterstaff of chaos (1)]
  2092 | D:2      | Demolished by Crazy Yiuf

Illustrated notes

Levels and vault maps discovered:
D:1:      dpeg_arrival_arbitrary_a, layout_loops_corners,
          hellmonk_ecumenical_altar_watching_god, minivault_5
D:2:      layout_basic, uniq_crazy_yiuf_cottage, uniq_jessica
D:3:      layout_loops_ring, nicolae_underground_beach, uniq_grinder

Skill      XL: |  1  2  3  4 |
---------------+-------------+-----
Transmutations | 1 |  1.0
Earth Magic    | 4 |  4.8
Dodging        | 2 |  2.1
Stealth        | 3 |  3.0
Fighting       | |  0.2
Spellcasting   | |  2.0

Action                   |  1- 3 |  4- 6 || total
-------------------------+-------+-------++-------
Melee: Unarmed           |     1 |       ||     1
       Dagger            |     2 |       ||     2
 Cast: Sandblast         |    59 |     4 ||    63
Armor: Robe              |     4 |       ||     4
Dodge: Dodged            |    10 |     1 ||    11
